 Dungeon Crawl Stone Soup version 0.24.0-123-gd5b16e6ec5 (webtiles) character file.

Game seed: 8227371957209817477, levelgen mode: deterministic

2575 Johnny the Quickloader (level 9, -2/67 HPs)
             Began as a Demigod Hunter on Jan 25, 2020.
             Slain by a yak (10 damage)
             ... on level 7 of the Dungeon.
             The game lasted 00:04:04 (4697 turns).

Johnny the Quickloader (Demigod Hunter)             Turns: 4697, Time: 00:04:05

Health: -2/67      AC: 12    Str: 24    XL:     9   Next: 10%
Magic:  11/11      EV: 12    Int: 15    God:
Gold:   302        SH:  0    Dex: 18    Spells: 8/8 levels left

rFire    . . .     SeeInvis .   a - +1 hand crossbow
rCold    . . .     Gourm    .   (no shield)
rNeg     + . .     Faith    .   v - +0 ring mail
rPois    .         Spirit   .   r - +2 hat
rElec    .         Reflect  .   t - +2 cloak
rCorr    .         Harm     .   j - +1 pair of gloves
MR       .....                  (no boots)
Stlth    +.........             (no amulet)
HPRegen  0.21/turn              u - +5 ring of strength
MPRegen  0.12/turn              E - ring of positive energy

@: no status effects
A: high mp 1
a: no special abilities


You were on level 7 of the Dungeon.
You were not hungry.

You visited 1 branch of the dungeon, and saw 7 of its levels.

You collected 302 gold pieces.

Inventory:

Hand Weapons
 a - a +1 hand crossbow (weapon)
 b - a +0 short sword
 l - a +2 whip of venom
Missiles
 d - 25 bolts (quivered)
Armour
 j - a +1 pair of gloves (worn)
 r - a +2 hat (worn)
 t - a +2 cloak (worn)
 v - a +0 ring mail (worn)
Jewellery
 u - a +5 ring of strength (left hand)
 B - a +1 ring of protection {unknown}
 E - a ring of positive energy (right hand)
Wands
 A - a wand of paralysis (11)
Scrolls
 h - 2 scrolls of fog {unknown}
 m - a scroll of enchant weapon {unknown}
 n - 3 scrolls of identify {unknown}
 p - 3 scrolls of remove curse {unknown}
 q - 8 scrolls of teleportation {unknown}
 s - a scroll of random uselessness {unknown}
 x - a scroll of amnesia {unknown}
 y - 3 scrolls of enchant armour {unknown}
 z - 3 scrolls of immolation {unknown}
 D - a scroll of blinking {unknown}
Potions
 c - a potion of resistance {unknown}
 e - 2 potions of degeneration {unknown}
 g - 4 potions of brilliance {unknown}
 i - 2 potions of lignification {unknown}
 k - 5 potions of curing {unknown}
 o - a potion of berserk rage {unknown}
 w - a potion of ambrosia {unknown}
 C - a potion of might {unknown}
Comestibles
 f - 13 rations


   Skills:
 - Level 1.7 Fighting
 + Level 12.0 Crossbows
 - Level 1.7 Dodging
 - Level 0.8 Stealth


You had 8 spell levels left.
You didn't know any spells.
Your spell library contained the following spells:

 Spells                   Type           Power        Failure   Level  Hunger
 Animate Skeleton         Necr           N/A          38%         1    ##.....
 Apportation              Tloc           #.....       38%         1    ##.....
 Confusing Touch          Hex            #.....       38%         1    ##.....
 Summon Small Mammal      Summ           #...         38%         1    ##.....


Dungeon Overview and Level Annotations

Branches:
Dungeon (7/15)             Temple (0/1) D:4

Shops:
D:6 *


Innate Abilities, Weirdness & Mutations

You have an increased reservoir of magic. (+10% MP)


Message History

[Y]es or [N]o only, please.
Really attack while wielding your +1 hand crossbow?
Okay, then.
Firing (i - inventory)
d - 27 bolts (quivered)
Press: ? - help, Shift-Dir - straight line, f/p - yak
Aim: a yak (lightly wounded)
You shoot a bolt. The bolt hits the yak!
The yak is heavily wounded.
The yak barely misses you. The yak gores you!
* * * LOW HITPOINT WARNING * * *
Firing (i - inventory)
d - 26 bolts (quivered)
Press: ? - help, Shift-Dir - straight line, f/p - yak
Aim: a yak (heavily wounded)
You shoot a bolt. The bolt hits the yak.
The yak is heavily wounded.
The yak completely misses you. The yak gores you but does no damage.
The yak gores you!
* * * LOW HITPOINT WARNING * * *
The yak gores you!
You die...

.........>....##....##......###
######....##....#.....##+#######.
....##....##....#................
....#...........#...........>....
....#...........#................
...###.###......#.........#######
...#§...§###....########..).....#
##.#.....######Y##..####..#.....#
#...._Y.(...((Y@....#...####'###
###.....#.....YY....#...##.....#
#☼...○#...........#...##.....#
###.###...........#...'#######
######....##.##.....####+## #.##.
†....##...##.###########.####.##.
.............#........#..........
.............#........#......†...
.............#........#..........


You could see 4 yaks.

Vanquished Creatures
  3 yaks (D:7)
  3 hogs (D:7)
  A human (D:7)
  2 sky beasts (D:5)
  An ice beast (D:7)
  2 phantoms
  2 centaurs
  2 bullfrogs
  A scorpion (D:5)
  3 howler monkeys
  A centaur zombie (D:5)
  A crimson imp (D:5)
  A bullfrog zombie (D:5)
  An orc priest (D:5)
  A bullfrog skeleton (D:5)
  5 hounds
  Jessica (D:2)
  Terence (D:2)
  An iguana (D:5)
  2 orc wizards (D:5)
  2 worker ants
  A hound skeleton (D:7)
  A howler monkey zombie (D:5)
  Robin (D:2)
  4 adders
  An ooze (D:4)
  5 worms
  2 dart slugs
  6 leopard geckos
  4 orcs (D:5)
  5 ball pythons
  6 giant cockroaches
  11 goblins
  13 hobgoblins
  4 jackals (D:1)
  3 quokkas
  A ball python zombie (D:5)
  7 bats
  A frilled lizard (D:1)
  4 kobolds
  2 quokka skeletons (D:4)
  6 rats
125 creatures vanquished.

Notes
Turn   | Place    | Note
-------+----------+-------------------------------------------
     0 | D:1      | Johnny the Demigod Hunter began the quest for the Orb.
     0 | D:1      | Reached XP level 1. HP: 17/17 MP: 3/3
   201 | D:1      | Reached skill level 4 in Crossbows
   208 | D:1      | Reached XP level 2. HP: 17/24 MP: 4/4
   671 | D:2      | Noticed Jessica
   683 | D:2      | Killed Jessica
   683 | D:2      | Reached XP level 3. HP: 15/29 MP: 5/5
   685 | D:2      | Reached skill level 5 in Crossbows
  1072 | D:2      | Noticed Terence
  1093 | D:2      | Killed Terence
  1093 | D:2      | Reached XP level 4. HP: 25/36 MP: 6/6
  1272 | D:2      | Noticed Robin
  1280 | D:2      | Killed Robin
  2345 | D:4      | Reached skill level 6 in Crossbows
  2345 | D:4      | Reached XP level 5. HP: 41/41 MP: 7/7
  2489 | D:4      | Noticed a phantom
  2494 | D:4      | Killed a phantom
  2564 | D:4      | Found a staircase to the Ecumenical Temple.
  2631 | D:4      | Reached XP level 6. HP: 48/48 MP: 8/8
  2778 | D:5      | Entered Level 5 of the Dungeon
  2792 | D:5      | Reached skill level 7 in Crossbows
  2950 | D:5      | Reached skill level 8 in Crossbows
  3016 | D:5      | Reached XP level 7. HP: 53/53 MP: 9/9
  3022 | D:5      | You fall into a shaft and drop 1 floor!
  3185 | D:6      | Reached skill level 9 in Crossbows
  3349 | D:6      | Found Coameino's Assorted Antiques.
  3812 | D:5      | Reached XP level 8. HP: 60/60 MP: 10/10
  3860 | D:5      | Reached skill level 10 in Crossbows
  4262 | D:7      | Reached skill level 11 in Crossbows
  4652 | D:7      | Found a stormy altar of Qazlal.
  4689 | D:7      | Reached XP level 9. HP: 59/67 MP: 11/11
  4694 | D:7      | Reached skill level 12 in Crossbows
  4697 | D:7      | Slain by a yak

Levels and vault maps discovered:
D:1:      grunt_arrival_crossed_arrows, layout_basic
D:2:      layout_basic, first_ration, uniq_terence, uniq_jessica, uniq_robin
D:3:      layout_rooms, minmay_tree_intersection
D:4:      layout_cave_pools, minmay_temple_entry_mist
D:5:      layout_basic, kennysheep_decorative_pillar
D:6:      layout_cave_pools, serial_shops, kennysheep_mini_moat
D:7:      layout_gridville, grunt_livestock, grunt_qazlal_clouds

Skill      XL: |  1  2  3  4  5  6  7  8  9 |
---------------+----------------------------+-----
Crossbows      | 4 5 6 8 9 11 12 | 12.0
Fighting       | |  1.7
Dodging        | |  1.7
Stealth        | |  0.8

Action                   |  1- 3 |  4- 6 |  7- 9 || total
-------------------------+-------+-------+-------++-------
 Fire: Hand crossbow     |    62 |   153 |   160 ||   375
  Eat: Chunk             |       |     6 |     5 ||    11
Armor: Leather armour    |     8 |     2 |       ||    10
       Ring mail         |       |    13 |    43 ||    56
Dodge: Dodged            |    30 |    16 |    55 ||   101
